[Event "GM ZIA Smirity-B 2025"]
[Site "Dhaka"]
[Date "2025.02.17"]
[Round "2.1"]
[White "Md Masud, Rana"]
[Black "Neloy, Debnath"]
[Result "0-1"]
[Annotator "NA"]
[ECO "B08"]
[WhiteElo "1822"]
[BlackElo "1982"]
[PlyCount "67"]
[EventDate "2025.02.17"]
[EventType "swiss"]
[EventCountry "BAN"]
[SourceTitle "playchess.com"]
[Source "ChessBase"]
[SourceQuality "1"]
[TimeControl "5400+30"]

1. e4 d6 2. d4 Nf6 3. Bd3 g6 4. Nf3 Bg7 5. O-O O-O 6. Nc3 Bg4 7. h3 Bxf3 8. Qxf3 Nc6 9. Be3 e5 10. dxe5 Nxe5 11. Qe2 Nfd7 12. f4 Nxd3 13. cxd3 f5 14. Rac1 c6 15. Qf2 Qa5 16. Bd4 Bxd4 17. Qxd4 Qc5 18. Ne2 Qxd4+ 19. Nxd4 fxe4 20. dxe4 Rae8 21. Rce1 Nc5 22. e5 Nd3 23. Rd1 Nxb2 24. Rb1 dxe5 25. fxe5 Rxf1+ 26. Kxf1 Nd3 27. Rxb7 Rxe5 28. Nf3 Ra5 29. Nd4 Re5 30. Nf3 Ra5 31. Nd4 c5 32. Ne6 Ra6 33. Ng5 h6 34. Ne4 0-1

[Event "GM ZIA Smirity-B 2025"]
[Site "Dhaka"]
[Date "2025.02.17"]
[Round "2.2"]
[White "Sarwar, Hossain Ullash"]
[Black "Celik, Hasan Huseyin"]
[Result "1-0"]
[Annotator "ChessBase"]
[ECO "A43"]
[WhiteElo "1963"]
[BlackElo "2441"]
[PlyCount "83"]
[EventDate "2025.02.17"]
[EventType "swiss"]
[EventCountry "BAN"]
[SourceTitle "playchess.com"]
[Source "ChessBase"]
[SourceQuality "1"]
[TimeControl "5400+30"]

1. d4 Nf6 2. Nf3 c5 3. d5 Qb6 4. c4 e6 5. Nc3 d6 6. e4 Be7 7. Bd3 Nbd7 8. h3 a6 9. O-O e5 10. a4 Nf8 11. a5 Qc7 12. b4 Ng6 13. Na4 O-O 14. Nb6 Rb8 15. bxc5 dxc5 16. Be3 Nd7 17. Nxc8 Rfxc8 18. Qd2 h6 19. Rfb1 Qd6 20. Rb3 b6 21. axb6 Rxb6 22. Rba3 Ra8 23. Ra5 Bd8 24. Qa2 Nf4 25. Bf1 Be7 26. Qa3 Qc7 27. Bxf4 exf4 28. Re1 Qb7 29. e5 Rb3 30. Qc1 Qb4 31. Ra1 a5 32. Qxf4 Nb6 33. d6 Bd8 34. e6 fxe6 35. Rxe6 Bf6 36. Rae1 Rf8 37. Re8 Rb1 38. Rxf8+ Kxf8 39. Rxb1 Qxb1 40. Ne5 Qd1 41. Ng6+ Kf7 42. Ne5+ 1-0

[Event "GM ZIA Smirity-B 2025"]
[Site "Dhaka"]
[Date "2025.02.18"]
[Round "3.1"]
[White "Neloy, Debnath"]
[Black "Jannatul, Ferdous"]
[Result "1-0"]
[Annotator "NA"]
[ECO "A07"]
[WhiteElo "1982"]
[BlackElo "1878"]
[PlyCount "105"]
[EventDate "2025.02.17"]
[EventType "swiss"]
[EventCountry "BAN"]
[SourceTitle "playchess.com"]
[Source "ChessBase"]
[SourceQuality "1"]
[TimeControl "5400+30"]

1. g3 d5 2. Bg2 Nf6 3. Nf3 e6 4. O-O Bd6 5. d3 O-O 6. Nc3 a6 7. Bg5 h6 8. Bxf6 Qxf6 9. Re1 Bb4 10. Qd2 Nc6 11. a3 Bxc3 12. bxc3 b6 13. e4 dxe4 14. Rxe4 Bb7 15. Rf4 Qe7 16. Nd4 Na5 17. Bxb7 Nxb7 18. Rg4 Kh7 19. Re4 Qd6 20. Nf3 Na5 21. Ne5 Nc6 22. Nc4 Qc5 23. Re2 Rad8 24. Qe3 Qxe3 25. fxe3 f6 26. Kf2 Ne7 27. Ke1 Nf5 28. Rb1 Rb8 29. e4 Nd6 30. Nxd6 cxd6 31. c4 b5 32. cxb5 Rxb5 33. Rxb5 axb5 34. c3 Rc8 35. Rc2 d5 36. exd5 exd5 37. Kd2 Ra8 38. Ra2 Kg6 39. Ke3 Ra4 40. Rb2 Rxa3 41. Kd4 Ra5 42. Rb4 Kf5 43. Kxd5 Ra3 44. Rxb5 Kg4 45. Kd4 Ra2 46. c4 Rxh2 47. c5 Re2 48. c6 Re8 49. Kc5 Rd8 50. d4 Kxg3 51. d5 Kf4 52. c7 Rc8 53. d6 1-0

[Event "GM ZIA Smirity-B 2025"]
[Site "Dhaka"]
[Date "2025.02.18"]
[Round "3.2"]
[White "Islam, Sheik   Khairul"]
[Black "Sarwar, Hossain Ullash"]
[Result "0-1"]
[Annotator "NA"]
[ECO "B10"]
[WhiteElo "1841"]
[BlackElo "1963"]
[PlyCount "69"]
[EventDate "2025.02.17"]
[EventType "swiss"]
[EventCountry "BAN"]
[SourceTitle "playchess.com"]
[Source "ChessBase"]
[SourceQuality "1"]
[TimeControl "5400+30"]

1. e4 c6 2. f4 d5 3. e5 e6 4. Nf3 g6 5. c3 c5 6. d4 Nc6 7. Be3 Qb6 8. Qb3 c4 9. Qc2 Nge7 10. Nbd2 Bd7 11. Be2 Nf5 12. Bf2 Qc7 13. b3 b5 14. a4 cxb3 15. Qxb3 Na5 16. Qc2 bxa4 17. Rxa4 Bxa4 18. Qxa4+ Nc6 19. g4 Nfe7 20. O-O Bg7 21. c4 O-O 22. cxd5 exd5 23. Rc1 Qb6 24. Nb3 Qb4 25. Qa2 Rfb8 26. Bd1 a5 27. Be1 Qb6 28. Bc3 Nb4 29. Qd2 Nec6 30. Nc5 Qa7 31. Ba4 Bf8 32. Nb3 Qa6 33. Ba1 Rc8 34. f5 Qa7 35. Qe3 0-1

[Event "GM ZIA Smirity-B 2025"]
[Site "Dhaka"]
[Date "2025.02.18"]
[Round "3.3"]
[White "Zoar Haque, Prodhan"]
[Black "Hossain, Kazi Iquball"]
[Result "0-1"]
[Annotator "NA"]
[ECO "A45"]
[WhiteElo "1947"]
[BlackElo "1821"]
[PlyCount "85"]
[EventDate "2025.02.17"]
[EventType "swiss"]
[EventCountry "BAN"]
[SourceTitle "playchess.com"]
[Source "ChessBase"]
[SourceQuality "1"]
[TimeControl "5400+30"]

1. d4 Nf6 2. Nc3 b6 3. e4 Bb7 4. Bd3 d6 5. f4 e6 6. Nf3 Be7 7. O-O Nbd7 8. Bd2 c5 9. e5 Nd5 10. Nxd5 Bxd5 11. c3 c4 12. Bc2 g6 13. Qe2 Qc7 14. h3 f5 15. exf6 Bxf6 16. f5 gxf5 17. Ng5 O-O-O 18. Nxe6 Rde8 19. Nxc7 Rxe2 20. Nxd5 Rxd2 21. Bxf5 Bh4 22. b3 Rg8 23. g4 Re8 24. Nf4 Re3 25. Ng2 Rg3 26. Rf2 Bg5 27. Re1 Rxh3 28. Rxd2 Bxd2 29. Re7 Bxc3 30. bxc4 Bxd4+ 31. Kf1 Rf3+ 32. Ke2 Rxf5 33. gxf5 h5 34. Nf4 h4 35. Rh7 Bf6 36. Nd5 Bg5 37. Rh8+ Kb7 38. Rg8 Bc1 39. f6 Bb2 40. f7 h3 41. Kf2 h2 42. Kg2 a6 43. Rd8 0-1

[Event "GM ZIA Smirity-B 2025"]
[Site "Dhaka"]
[Date "2025.02.18"]
[Round "4.1"]
[White "Hasan, Sk. Rashedul"]
[Black "Neloy, Debnath"]
[Result "1-0"]
[Annotator "ChessBase"]
[ECO "B07"]
[WhiteElo "1918"]
[BlackElo "1982"]
[PlyCount "193"]
[EventDate "2025.02.17"]
[EventType "swiss"]
[EventCountry "BAN"]
[SourceTitle "playchess.com"]
[Source "ChessBase"]
[SourceQuality "1"]
[TimeControl "5400+30"]

1. e4 d6 2. d4 Nf6 3. Nc3 g6 4. Bf4 c6 5. Qd2 Nbd7 6. f3 Qa5 7. Bd3 Bg7 8. Bh6 Bxh6 9. Qxh6 b5 10. Qd2 Qb4 11. d5 cxd5 12. exd5 a6 13. O-O-O Bb7 14. Be4 Ne5 15. Nce2 Qxd2+ 16. Rxd2 Nc4 17. Rd3 Nb6 18. Nh3 Bxd5 19. Bxd5 Nbxd5 20. Re1 Rc8 21. Nef4 Nxf4 22. Nxf4 Kd7 23. h4 Rc4 24. g3 Rhc8 25. Re2 h6 26. Ng2 e6 27. Ne3 R4c5 28. Red2 d5 29. g4 Ke7 30. f4 Ne4 31. Re2 Kf8 32. f5 Kg7 33. a3 R5c6 34. c3 Rh8 35. Nc2 h5 36. fxe6 fxe6 37. Nd4 Rb6 38. g5 Rf8 39. Nf3 Rf4 40. Rh2 Rb8 41. Nd4 Kf7 42. Rd1 Rc8 43. Ne2 Rg4 44. Rf1+ Ke7 45. Nf4 Rg8 46. Nd3 Rf8 47. Rxf8 Kxf8 48. Ne5 Rg1+ 49. Kc2 Kg7 50. Kb3 a5 51. Nf3 Nc5+ 52. Kc2 Rf1 53. Nd4 e5 54. Nxb5 a4 55. Rd2 e4 56. Rxd5 Nb3 57. Rd1 Rf2+ 58. Kb1 e3 59. Re1 Nd2+ 60. Kc1 Nb3+ 61. Kb1 Nd2+ 62. Kc1 Nc4 63. Nd4 Rh2 64. Nc2 Rh3 65. Re2 Kf7 66. Nd4 Rxh4 67. Kc2 Rg4 68. Kd3 Ne5+ 69. Kxe3 Rxg5 70. Ke4 Ng4 71. Nf3 Nf6+ 72. Kd4 Rg4+ 73. Kc5 Ne4+ 74. Rxe4 Rxe4 75. Ng5+ Kf6 76. Nxe4+ Ke5 77. Nf2 g5 78. Kc4 Kf4 79. Kd3 Kf3 80. Ne4 g4 81. c4 h4 82. c5 h3 83. Nd2+ Kg2 84. c6 h2 85. c7 h1=Q 86. c8=Q Qh7+ 87. Ne4 Qh3+ 88. Kd4 Qf3 89. Qc2+ Kg1 90. Qc1+ Kg2 91. Qd2+ Kh1 92. Qd3 Kg2 93. Qxf3+ Kxf3 94. Kd3 Kf4 95. Nc3 Kf3 96. Nxa4 g3 97. Nc3 1-0

[Event "GM ZIA Smirity-B 2025"]
[Site "Dhaka"]
[Date "2025.02.18"]
[Round "4.2"]
[White "Md Anichuzzaman, Jewel"]
[Black "Zoar Haque, Prodhan"]
[Result "0-1"]
[Annotator "ChessBase"]
[ECO "A05"]
[WhiteElo "1896"]
[BlackElo "1947"]
[PlyCount "90"]
[EventDate "2025.02.17"]
[EventType "swiss"]
[EventCountry "BAN"]
[SourceTitle "playchess.com"]
[Source "ChessBase"]
[SourceQuality "1"]
[TimeControl "5400+30"]

1. Nf3 Nf6 2. b3 d6 3. Bb2 e5 4. g3 c6 5. Bg2 Be7 6. O-O Bf5 7. d3 Qc8 8. Re1 Bh3 9. Bh1 h6 10. c4 Nbd7 11. Nbd2 O-O 12. b4 Qc7 13. Rc1 Rad8 14. a3 Ng4 15. d4 f5 16. e4 f4 17. Bg2 Bxg2 18. Kxg2 fxg3 19. fxg3 exd4 20. Bxd4 Bf6 21. Bg1 c5 22. Nf1 Bb2 23. Rc2 Bxa3 24. b5 Bb4 25. Qd5+ Kh7 26. Ra1 b6 27. Rca2 Ba5 28. Nh4 Nge5 29. Ne3 Nf6 30. Qe6 Nxe4 31. Rf1 Rde8 32. Qd5 Nc3 33. Qd2 Rxf1 34. Kxf1 Qf7+ 35. Kg2 Nxa2 36. Qxa2 Kg8 37. Qc2 Rf8 38. Qe4 Bc3 39. Nhf5 Bd4 40. Nd5 Bxg1 41. Kxg1 Kh8 42. Nde3 g6 43. Nh4 Qf2+ 44. Kh1 g5 45. Nhg2 Qf1+ 0-1

[Event "GM ZIA Smirity-B 2025"]
[Site "Dhaka"]
[Date "2025.02.18"]
[Round "4.3"]
[White "Kazi, Saiyf"]
[Black "Abdul, Momin"]
[Result "0-1"]
[Annotator "ChessBase"]
[ECO "D02"]
[WhiteElo "1928"]
[BlackElo "1906"]
[PlyCount "134"]
[EventDate "2025.02.17"]
[EventType "swiss"]
[EventCountry "BAN"]
[SourceTitle "playchess.com"]
[Source "ChessBase"]
[SourceQuality "1"]
[TimeControl "5400+30"]

1. d4 Nf6 2. Bf4 e6 3. Nf3 d5 4. e3 Bd6 5. Nbd2 O-O 6. Bd3 Bxf4 7. exf4 Nbd7 8. Qe2 c5 9. c3 Re8 10. O-O b6 11. Ne5 Bb7 12. g4 g6 13. Rae1 Rc8 14. a3 cxd4 15. cxd4 a6 16. h4 Nxe5 17. fxe5 Ne4 18. Nf3 b5 19. g5 Kg7 20. Qe3 Rh8 21. Kg2 h6 22. Rh1 Qe7 23. Ng1 hxg5 24. f3 gxh4 25. fxe4 dxe4 26. Bxe4 Rc2+ 27. Re2 Bxe4+ 28. Qxe4 Qg5+ 29. Kf1 Rc1+ 30. Re1 Rxe1+ 31. Qxe1 Rc8 32. Ne2 Qf5+ 33. Qf2 g5 34. Qxf5 exf5 35. Nc3 a5 36. Nxb5 Rc1+ 37. Kg2 Rc2+ 38. Kh3 Rxb2 39. a4 Rb3+ 40. Kg2 Rb4 41. Rd1 Kf8 42. Nd6 Rb2+ 43. Kh1 f4 44. Rg1 f3 45. Rxg5 f2 46. Rf5 Rb1+ 47. Kg2 h3+ 48. Kxf2 h2 49. Rh5 h1=Q 50. Rxh1 Rxh1 51. Nb7 Ra1 52. Nc5 Ra3 53. Ke2 Ke7 54. Kd2 Kd8 55. Nb7+ Kc7 56. Nxa5 Rxa4 57. Nb3 Kc6 58. Kc3 Kd5 59. Kc2 Ra3 60. Kc3 Rxb3+ 61. Kxb3 Kxd4 62. Kc2 Kxe5 63. Kd2 Kf4 64. Ke2 Kg3 65. Kf1 Kf3 66. Ke1 f5 67. Kf1 f4 0-1

[Event "GM ZIA Smirity-B 2025"]
[Site "Dhaka"]
[Date "2025.02.18"]
[Round "4.4"]
[White "Rubel, Hossen"]
[Black "Mukitul, Islam Ripon"]
[Result "1-0"]
[Annotator "NA"]
[ECO "D02"]
[WhiteElo "1921"]
[BlackElo "1888"]
[PlyCount "87"]
[EventDate "2025.02.17"]
[EventType "swiss"]
[EventCountry "BAN"]
[SourceTitle "playchess.com"]
[Source "ChessBase"]
[SourceQuality "1"]
[TimeControl "5400+30"]

1. d4 d5 2. Nf3 Bf5 3. Bf4 e6 4. e3 Bd6 5. Bg3 Nf6 6. Bd3 O-O 7. Nbd2 c5 8. Ne5 Bxd3 9. Nxd3 Bxg3 10. hxg3 cxd4 11. exd4 Nc6 12. c3 Qd6 13. f4 Na5 14. Ne5 Rac8 15. g4 Ne4 16. Nxe4 dxe4 17. g5 g6 18. Qg4 Kg7 19. Qh4 Rh8 20. Qh6+ Kg8 21. Ng4 f5 22. gxf6 Rc7 23. Ne5 Qf8 24. Qxf8+ Kxf8 25. Nxg6+ Kf7 26. Nxh8+ Kxf6 27. O-O-O e3 28. Rh6+ Kg7 29. Rxe6 Kxh8 30. Rxe3 Kg7 31. g4 b5 32. Rde1 Kf7 33. a3 Nc4 34. Re6 a5 35. f5 b4 36. Rh1 Kf8 37. d5 bxa3 38. bxa3 Nxa3 39. Rc6 Rb7 40. Rhh6 Rb1+ 41. Kd2 Kg7 42. g5 Rg1 43. f6+ Kf8 44. Rxh7 1-0

[Event "GM ZIA Smirity-B 2025"]
[Site "Dhaka"]
[Date "2025.02.19"]
[Round "5.1"]
[White "Zoar Haque, Prodhan"]
[Black "Hasan, Sk. Rashedul"]
[Result "1-0"]
[Annotator "NA"]
[ECO "A48"]
[WhiteElo "1947"]
[BlackElo "1918"]
[PlyCount "87"]
[EventDate "2025.02.17"]
[EventType "swiss"]
[EventCountry "BAN"]
[SourceTitle "playchess.com"]
[Source "ChessBase"]
[SourceQuality "1"]
[TimeControl "5400+30"]

1. d4 Nf6 2. Bf4 d6 3. Nf3 g6 4. Nbd2 Bg7 5. e4 O-O 6. h3 c5 7. d5 Nh5 8. Bh2 Bxb2 9. Rb1 Bg7 10. Bd3 a6 11. O-O b5 12. c4 b4 13. e5 dxe5 14. Nxe5 Bb7 15. Qe2 a5 16. Bc2 a4 17. Ne4 Qb6 18. Qe3 Ra5 19. Nc3 a3 20. Nb5 Bxd5 21. Rxb4 Bh6 22. Qxh6 cxb4 23. cxd5 Rxb5 24. Bb3 Nf6 25. Rd1 Qb7 26. d6 e6 27. Nf3 Rh5 28. Qe3 Nbd7 29. Ng5 Nd5 30. Qd2 h6 31. Ne4 f5 32. Ng3 Rg5 33. h4 Rg4 34. Qxh6 f4 35. Ne4 N7f6 36. Ng5 Rxg2+ 37. Kf1 Rxf2+ 38. Ke1 Rf1+ 39. Kxf1 Ne3+ 40. Ke2 f3+ 41. Kd2 Ne4+ 42. Kxe3 Nxg5 43. Qxg6+ Kh8 44. Be5+ 1-0

[Event "GM ZIA Smirity-B 2025"]
[Site "Dhaka"]
[Date "2025.02.19"]
[Round "5.2"]
[White "Siam, Chowdhury"]
[Black "Rubel, Hossen"]
[Result "1-0"]
[Annotator "NA"]
[ECO "B01"]
[WhiteElo "1888"]
[BlackElo "1921"]
[PlyCount "86"]
[EventDate "2025.02.17"]
[EventType "swiss"]
[EventCountry "BAN"]
[SourceTitle "playchess.com"]
[Source "ChessBase"]
[SourceQuality "1"]
[TimeControl "5400+30"]

1. e4 d5 2. exd5 Qxd5 3. Nc3 Qa5 4. d4 c6 5. Nf3 Nf6 6. Bc4 Bf5 7. Bd2 Qc7 8. Ne5 e6 9. g4 Bg6 10. Qe2 Nbd7 11. h4 Nxe5 12. dxe5 Nd7 13. h5 Bxc2 14. Rc1 b5 15. Rxc2 bxc4 16. f4 Nb6 17. Ne4 Be7 18. Be3 Rd8 19. O-O O-O 20. Nd2 c3 21. bxc3 f6 22. Nf3 Nd5 23. c4 Nxe3 24. Qxe3 Qa5 25. Kg2 Bc5 26. Qe4 fxe5 27. Ng5 Rd2+ 28. Rxd2 Qxd2+ 29. Kh1 g6 30. Nxe6 Qc3 31. Qf3 Qxf3+ 32. Rxf3 Rf6 33. Nxc5 exf4 34. hxg6 hxg6 35. Kg2 g5 36. Ne4 Rg6 37. Ra3 Kf7 38. Rxa7+ Ke6 39. Ra5 Rg8 40. Nxg5+ Kd6 41. Kf3 c5 42. Ne4+ Kc6 43. Rxc5+ Kb6 1-0

[Event "GM ZIA Smirity-B 2025"]
[Site "Dhaka"]
[Date "2025.02.19"]
[Round "5.3"]
[White "Abdul, Momin"]
[Black "Islam, Sheik   Khairul"]
[Result "1-0"]
[Annotator "NA"]
[ECO "B28"]
[WhiteElo "1906"]
[BlackElo "1841"]
[PlyCount "59"]
[EventDate "2025.02.17"]
[EventType "swiss"]
[EventCountry "BAN"]
[SourceTitle "playchess.com"]
[Source "ChessBase"]
[SourceQuality "1"]
[TimeControl "5400+30"]

1. e4 e6 2. d4 d5 3. e5 a6 4. c3 c5 5. Nf3 Nc6 6. Be2 Nge7 7. Na3 Ng6 8. Nc2 Be7 9. g3 Bd7 10. h4 h6 11. h5 Nf8 12. Be3 Qc7 13. Qc1 Rc8 14. Bd3 cxd4 15. cxd4 Nb4 16. Nxb4 Bxb4+ 17. Ke2 Qb6 18. Qb1 Bb5 19. Rc1 Rxc1 20. Bxc1 Nd7 21. a4 Bxd3+ 22. Qxd3 f5 23. exf6 Nxf6 24. Qg6+ Kf8 25. Ne5 Qc7 26. Be3 Bd6 27. Rc1 Qe7 28. Rc8+ Ne8 29. Bf4 Rg8 30. Nd7+ 1-0

[Event "GM ZIA Smirity-B 2025"]
[Site "Dhaka"]
[Date "2025.02.19"]
[Round "5.4"]
[White "Md, Mesbah Uddin"]
[Black "Md Zia Uddin"]
[Result "1/2-1/2"]
[Annotator "NA"]
[ECO "D02"]
[WhiteElo "1834"]
[BlackElo "1722"]
[PlyCount "66"]
[EventDate "2025.02.17"]
[EventType "swiss"]
[EventCountry "BAN"]
[SourceTitle "playchess.com"]
[Source "ChessBase"]
[SourceQuality "1"]
[TimeControl "5400+30"]

1. d4 Nf6 2. Bf4 e6 3. e3 d5 4. Nf3 c5 5. c3 Nc6 6. Bd3 Bd6 7. Ne5 O-O 8. Nd2 cxd4 9. exd4 Qc7 10. Ndf3 h6 11. Qd2 Ne4 12. Qe3 f6 13. Ng6 Bxf4 14. Nxf4 f5 15. Ng6 Rf6 16. Nge5 Nxe5 17. Nxe5 Nd6 18. f4 Nf7 19. h3 Nxe5 20. fxe5 Rf7 21. O-O-O Bd7 22. g4 f4 23. Qe2 Qa5 24. Bb1 Rc8 25. g5 hxg5 26. Rhg1 Bb5 27. Qh5 Rxc3+ 28. bxc3 Qxc3+ 29. Bc2 Qa1+ 30. Kd2 Qxd4+ 31. Kc1 Qa1+ 32. Kd2 Qd4+ 33. Kc1 Rf5 1/2-1/2

[Event "GM ZIA Smirity-B 2025"]
[Site "Dhaka"]
[Date "2025.02.20"]
[Round "6.1"]
[White "Siam, Chowdhury"]
[Black "Abdul, Momin"]
[Result "1/2-1/2"]
[Annotator "RC"]
[ECO "B23"]
[WhiteElo "1888"]
[BlackElo "1906"]
[PlyCount "160"]
[EventDate "2025.02.17"]
[EventType "swiss"]
[EventCountry "BAN"]
[SourceTitle "playchess.com"]
[Source "ChessBase"]
[SourceQuality "1"]
[TimeControl "5400+30"]

1. e4 c5 2. Nc3 d6 3. g3 e6 4. Bg2 a6 5. d3 Nd7 6. Be3 Ngf6 7. h3 Rb8 8. f4 b5 9. a3 Qc7 10. Nf3 Bb7 11. O-O g6 12. Ne2 d5 13. exd5 Nxd5 14. Bf2 Bg7 15. d4 O-O 16. c3 c4 17. Ne5 N7b6 18. Qc1 Rbd8 19. g4 Bh6 20. Bg3 Qc8 21. Bh4 Rde8 22. g5 Bg7 23. Ng3 Ne7 24. Ne4 Nf5 25. Bf2 Qa8 26. Re1 Rd8 27. Qc2 Nd5 28. Qd2 h5 29. Nc5 a5 30. a4 b4 31. Nxc4 Bc6 32. Ne5 Bxe5 33. fxe5 bxc3 34. bxc3 Rb8 35. Rab1 Nb6 36. Bxc6 Qxc6 37. Qc2 Qf3 38. Qd3 Qxd3 39. Nxd3 Nxa4 40. c4 Rxb1 41. Rxb1 Nc3 42. Ra1 Ra8 43. Kf1 a4 44. Ra3 Ne4 45. Nb2 Rb8 46. Nxa4 Nd2+ 47. Ke2 Nxc4 48. Rc3 Rb4 49. Nc5 Rb2+ 50. Ke1 Nb6 51. Rb3 Rxb3 52. Nxb3 Nd5 53. Nd2 Nf4 54. h4 Nd3+ 55. Ke2 Nxf2 56. Kxf2 Nxh4 57. Ke3 Nf5+ 58. Ke4 Kf8 59. Nf3 Ng3+ 60. Kf4 Ne2+ 61. Ke3 Nc3 62. Kd3 Nd5 63. Ke4 Ke7 64. Nd2 Nb6 65. Nf3 Kd7 66. Kd3 Kc6 67. Ne1 Nd5 68. Nf3 Ne7 69. Kc4 Nf5 70. Ng1 h4 71. Nh3 Ng3 72. Nf4 Ne4 73. Nh3 Ng3 74. Nf4 Nf5 75. Nh3 Ne7 76. Nf4 Nd5 77. Nh3 Kb6 78. Kd3 Kb5 79. Ke4 Kc4 80. Ng1 h3 1/2-1/2

[Event "GM ZIA Smirity-B 2025"]
[Site "Dhaka"]
[Date "2025.02.20"]
[Round "6.2"]
[White "Rubel, Hossen"]
[Black "Zoar Haque, Prodhan"]
[Result "1/2-1/2"]
[Annotator "RC"]
[ECO "A85"]
[WhiteElo "1921"]
[BlackElo "1947"]
[PlyCount "116"]
[EventDate "2025.02.17"]
[EventType "swiss"]
[EventCountry "BAN"]
[SourceTitle "playchess.com"]
[Source "ChessBase"]
[SourceQuality "1"]
[TimeControl "5400+30"]

1. d4 f5 2. Nf3 Nf6 3. c4 e6 4. Nc3 d6 5. Bg5 Be7 6. e3 Nbd7 7. Be2 O-O 8. O-O b6 9. a4 a5 10. Qc2 Bb7 11. d5 e5 12. Qxf5 Nc5 13. Bxf6 Rxf6 14. Qc2 Bc8 15. e4 Bd7 16. Nd1 Qe8 17. Nc3 Qg6 18. Nh4 Qg5 19. Nf3 Qg6 20. Nh4 Qf7 21. Nf3 Rf4 22. Ne1 Rf6 23. Nd3 Rf8 24. Nxc5 dxc5 25. Nd1 Qg6 26. Qd3 Rf4 27. Nc3 Bh4 28. g3 Bh3 29. d6 c6 30. Rad1 Bxf1 31. Rxf1 R4f6 32. Qc2 Rxd6 33. Nb1 Bg5 34. Kg2 Rd4 35. f3 Qd6 36. Qb3 Qc7 37. h4 Bd2 38. Rd1 Bb4 39. Rxd4 exd4 40. f4 Qd7 41. Qd3 g6 42. Bf3 Rc8 43. e5 b5 44. b3 bxa4 45. bxa4 Rb8 46. g4 Be1 47. Qe4 Rb2+ 48. Kh3 Bb4 49. e6 Qe7 50. g5 Rb3 51. Kg4 Qe8 52. Qe5 Rxb1 53. Bxc6 Qxc6 54. Qb8+ Kg7 55. Qa7+ Kh8 56. Qb8+ Kg7 57. Qa7+ Kh8 58. Qb8+ Kg7 1/2-1/2

[Event "GM ZIA Smirity-B 2025"]
[Site "Dhaka"]
[Date "2025.02.20"]
[Round "6.3"]
[White "Md, Mesbah Uddin"]
[Black "Neloy, Debnath"]
[Result "0-1"]
[Annotator "RC"]
[ECO "B07"]
[WhiteElo "1834"]
[BlackElo "1982"]
[PlyCount "132"]
[EventDate "2025.02.17"]
[EventType "swiss"]
[EventCountry "BAN"]
[SourceTitle "playchess.com"]
[Source "ChessBase"]
[SourceQuality "1"]
[TimeControl "5400+30"]

1. d4 g6 2. e4 d6 3. Nc3 Nf6 4. Bf4 c6 5. Qd2 Nbd7 6. Nf3 Qa5 7. Bc4 b5 8. Bd3 a6 9. O-O Bg7 10. e5 dxe5 11. dxe5 Nh5 12. Be4 Nxf4 13. Bxc6 Nh3+ 14. gxh3 Rb8 15. e6 fxe6 16. Qf4 Qb6 17. Qe4 Bb7 18. Bxd7+ Kxd7 19. Ne5+ Ke8 20. Qe2 Qc5 21. Rfe1 Rf8 22. Nd3 Qc6 23. Qe4 Bxc3 24. Qxc6+ Bxc6 25. bxc3 Bd5 26. a4 Rf3 27. axb5 axb5 28. Re3 Rc8 29. Ra3 Kf8 30. Nb4 Rxe3 31. fxe3 Kg7 32. Kf2 Kf6 33. Nd3 Rc4 34. Ke2 Ra4 35. Rxa4 bxa4 36. Kd2 Kg5 37. Kc1 a3 38. Kb1 Kh4 39. Nf2 h5 40. Ka1 e5 41. Kb1 g5 42. Ka1 Be6 43. Kb1 Bc4 44. Ka1 Bd5 45. Kb1 e4 46. Ka1 Be6 47. Nxe4 Bxh3 48. c4 Bf5 49. Ng3 Bxc2 50. c5 Ba4 51. Ka2 Kg4 52. Kxa3 Bc6 53. Ne2 Kh3 54. Nd4 Bd7 55. e4 g4 56. e5 Kxh2 57. c6 Bc8 58. Kb4 g3 59. Kc5 g2 60. Ne2 g1=Q+ 61. Nxg1 Kxg1 62. Kb6 h4 63. Kc7 Ba6 64. Kd7 h3 65. c7 h2 66. c8=Q Bxc8+ 0-1

[Event "GM ZIA Smirity-B 2025"]
[Site "Dhaka"]
[Date "2025.02.20"]
[Round "6.4"]
[White "Hasan, Sk. Rashedul"]
[Black "Rahman, Ataur"]
[Result "1-0"]
[Annotator "RC"]
[ECO "B08"]
[WhiteElo "1918"]
[BlackElo "1982"]
[PlyCount "94"]
[EventDate "2025.02.17"]
[EventType "swiss"]
[EventCountry "BAN"]
[SourceTitle "playchess.com"]
[Source "ChessBase"]
[SourceQuality "1"]
[TimeControl "5400+30"]

1. e4 Nc6 2. Nf3 d6 3. d4 Nf6 4. Nc3 g6 5. h3 Bg7 6. Be3 O-O 7. Qd2 Re8 8. Bh6 Bh8 9. O-O-O a6 10. Ng5 b5 11. f4 e6 12. Qf2 Qe7 13. Bd3 Nd7 14. Ne2 Nb4 15. c3 Nxd3+ 16. Rxd3 c5 17. g4 Bb7 18. Ng3 cxd4 19. cxd4 Rac8+ 20. Kb1 Rc4 21. Rhd1 Rec8 22. e5 Nb6 23. N5e4 Qc7 24. Rc3 Rxc3 25. Nxc3 Nd5 26. Nce4 dxe5 27. fxe5 Bg7 28. Bxg7 Kxg7 29. Nd6 Rf8 30. Rc1 Qa5 31. Nxb7 Qb4 32. Ne4 f5 33. exf6+ Kg8 34. g5 e5 35. Qd2 exd4 36. Qxb4 Nxb4 37. Rd1 Nc6 38. Nbc5 a5 39. Ne6 Re8 40. f7+ Kxf7 41. Nd6+ Kxe6 42. Nxe8 Kf5 43. h4 Kg4 44. Rh1 d3 45. Kc1 Nb4 46. a3 Nd5 47. Nf6+ Kf3 1-0

[Event "GM ZIA Smirity-B 2025"]
[Site "Dhaka"]
[Date "2025.02.20"]
[Round "7.1"]
[White "Abdul, Momin"]
[Black "Zoar Haque, Prodhan"]
[Result "1-0"]
[Annotator "RC"]
[ECO "C42"]
[WhiteElo "1906"]
[BlackElo "1947"]
[PlyCount "65"]
[EventDate "2025.02.17"]
[EventType "swiss"]
[EventCountry "BAN"]
[SourceTitle "playchess.com"]
[Source "ChessBase"]
[SourceQuality "1"]
[TimeControl "5400+30"]

1. e4 e5 2. Nf3 Nf6 3. Nxe5 d6 4. Nf3 Nxe4 5. d4 d5 6. Bd3 Be7 7. O-O Nc6 8. c4 Nb4 9. cxd5 Nxd3 10. Qxd3 Qxd5 11. Nc3 Nxc3 12. bxc3 Be6 13. Re1 O-O 14. Re5 Qd7 15. Rh5 g6 16. Ra5 c6 17. Ba3 Bxa3 18. Rxa3 Qd6 19. Ra5 b5 20. a4 Bc4 21. Qd2 Bd5 22. Ne5 Rae8 23. axb5 Bxg2 24. Qf4 Bh3 25. bxc6 a6 26. Rxa6 Qd5 27. Qg3 Bc8 28. Ra7 Qe4 29. Qg2 Qc2 30. Qf3 Bf5 31. R7a2 Qb3 32. Nd7 Re4 33. Nf6+ 1-0

[Event "GM ZIA Smirity-B 2025"]
[Site "Dhaka"]
[Date "2025.02.20"]
[Round "7.4"]
[White "Mukitul, Islam Ripon"]
[Black "Shahinur, Haque"]
[Result "0-1"]
[Annotator "NA"]
[ECO "C01"]
[WhiteElo "1888"]
[BlackElo "1875"]
[PlyCount "130"]
[EventDate "2025.02.17"]
[EventType "swiss"]
[EventCountry "BAN"]
[SourceTitle "playchess.com"]
[Source "ChessBase"]
[SourceQuality "1"]
[TimeControl "5400+30"]

1. e4 e6 2. d4 d5 3. Bd3 Nc6 4. c3 e5 5. Ne2 exd4 6. cxd4 {[%emt 1:25:23] C01: French: Exchange Variation.} Nb4 7. Qa4+ Bd7 8. Qb3 Nxd3+ 9. Qxd3 Ne7 10. e5 Nf5 $11 11. O-O Be7 12. Nbc3 c6 13. Ng3 Nh4 14. f4 Qb6 15. f5 O-O-O 16. a4 g6 17. f6 Bb4 18. a5 Bxa5 19. Na4 Qb5 20. Qd1 Nf5 (20... h5 $11 {remains equal.}) 21. Ne2 Bb6 22. Nxb6+ Qxb6 23. Ra3 h5 24. Rc3 Rde8 25. Kh1 h4 26. h3 Qa6 27. b4 Rh7 28. Rff3 Reh8 (28... Kb8 $11) 29. Rc5 Ng3+ 30. Nxg3 hxg3 31. Rxg3 Qa2 {[%emt 0:01:45] [#]} 32. Rc2 (32. Kg1 $1 $16) 32... Qa4 33. Qd2 Qb5 34. Kg1 a6 $2 ({Black should play} 34... b6 $1 $14) 35. Rc5 Qb6 36. Qc3 Bf5 ({Better is} 36... Kb8 $1 $14) 37. Rxd5 Rh4 38. Rc5 Rd8 39. Be3 Kb8 40. Bf2 Qc7 41. d5 Rxd5 42. Rxd5 cxd5 43. Bc5 Qc6 44. Qd2 Re4 45. Qh6 Qe8 46. b5 axb5 47. Bd6+ Kc8 48. Ra3 Ra4 49. Rb3 Be4 50. Qc1+ Rc4 51. Qa3 Kd7 52. Rxb5 d4 53. Be7 Ke6 $1 54. Qd6+ (54. Qb3 $14 Bd5 55. Rxd5 Kxd5 56. e6) 54... Kf5 55. e6+ $2 (55. Rb2 $14 Qc6 56. Rf2+ Kg5 57. e6 Qxd6 (57... fxe6 58. Qg3+ Kh5 59. Qg4+ Kh6 60. Qh4#) 58. h4+ Kxh4 59. Bxd6 Rc1+ (59... fxe6 $2 {perishes.} 60. f7 $18) 60. Kh2) 55... Qxb5 56. exf7 Rc2 57. Qg3 Rxg2+ 58. Qxg2 Bxg2 59. f8=Q Qf1+ 60. Kh2 Qh1+ 61. Kg3 Qxh3+ 62. Kf2 Qf3+ 63. Kg1 Ke4 64. f7 Bh3 65. Bc5 Ke5 0-1